 Dungeon Crawl Stone Soup version 0.26-a0-466-g989023bd0d (webtiles) character file.

Game seed: 9687720391149971954

898 vatarom the Changer (level 8, -1/57 HPs)
             Began as an Octopode Transmuter on Aug 11, 2020.
             Was an Initiate of Gozag.
             Slain by Grinder (2 damage)
             ... while paralysed by Grinder
             ... on level 6 of the Dungeon.
             The game lasted 00:09:06 (7764 turns).

vatarom the Changer (Octopode Transmuter)           Turns: 7764, Time: 00:09:06

Health: -1/57      AC:  6    Str: 10    XL:     8   Next: 7%
Magic:  8/11       EV:  1    Int: 16    God:    Gozag
Gold:   741        SH:  0    Dex: 13    Spells: 3/11 levels left

rFire    x . .     SeeInvis .     - Unarmed
rCold    + + +     Faith    .   (shield currently unavailable)
rNeg     . . .     Spirit   .   (helmet currently unavailable)
rPois    +         Reflect  .   (no amulet)
rElec    .         Harm     .   (no ring)
rCorr    .                      (no ring)
MR       .....                  (no ring)
Stlth    ++........             (no ring)
HPRegen  0.19/turn              (no ring)
MPRegen  0.12/turn              (no ring)
                                (no ring)
                                (no ring)

@: paralysed, ice-form
A: large, almost no armour, stealthy swim, amphibious, 8 rings, (constrict 8)
a: End Transformation, Potion Petition, Call Merchant, Bribe Branch, Renounce
Religion


You were on level 6 of the Dungeon.
You worshipped Gozag.
Gozag was pleased with you.
You were a creature of crystalline ice.
You visited 2 branches of the dungeon, and saw 7 of its levels.

You collected 768 gold pieces.
You paid 27 gold pieces to Gozag.

Inventory:

Missiles
 h - a throwing net (quivered) {!f}
Wands
 n - a wand of disintegration (9)
Scrolls
 a - 3 scrolls of remove curse {@r2}
 b - 2 scrolls of enchant armour {unknown}
 c - 3 scrolls of teleportation {@r3}
 d - 2 scrolls of amnesia
 e - 3 scrolls of blinking {unknown}
 f - 4 scrolls of identify {unknown}
 g - 2 scrolls of enchant weapon {unknown}
 k - a scroll of magic mapping {unknown}
Potions
 i - 2 potions of heal wounds {@q2}
 j - a potion of magic {unknown}
 l - a potion of invisibility {unknown}
 m - a potion of mutation {unknown}


   Skills:
 - Level 1.0 Fighting
 - Level 2.0 Dodging
 - Level 3.0 Stealth
 * Level 4.7 Unarmed Combat
 - Level 2.0 Spellcasting
 + Level 6.9 Transmutations
 - Level 3.7 Ice Magic


You had 3 spell levels left.
You knew the following spells:

 Your Spells              Type           Power        Failure   Level
a - Beastly Appendage     Tmut           ###...       1%          1
b - Spider Form           Tmut/Pois      ##........   16%         3
c - Ice Form              Ice/Tmut       ###.....     22%         4

Your spell library contained the following spells:

 Spells                   Type           Power        Failure   Level
 Wereblood                Tmut           ###.....     1%          2
 Confusing Touch          Hex            #.......     52%         3
 Gell's Gravitas          Tloc           #.........   52%         3
 Blade Hands              Tmut           ###.......   32%         5
 Petrify                  Tmut/Erth      ##......     45%         4
 Yara's Violent Unravell  Hex/Tmut       ##........   80%         5
 Metabolic Englaciation   Hex/Ice        #.........   95%         5


Dungeon Overview and Level Annotations

Branches:
Dungeon (6/15)             Temple (1/1) D:4

Altars:
Ashenzari
Cheibriados
Dithmenos
Elyvilon
Fedhas
Gozag
Kikubaaqudgha
Makhleb
Nemelex Xobeh
Okawaru
Qazlal
Ru
Sif Muna
Trog
Uskayaw
Vehumet
Wu Jian
Xom
Yredelemnul
Zin
The Shining One

Shops:
D:4 [

Annotations:
D:6 Grinder


Innate Abilities, Weirdness & Mutations

You cannot wear most types of armour.
You are very stealthy in the water. (Stealth+)
You are amphibious.
You can wear up to eight rings at the same time.
((You can use your tentacles to constrict eight enemies at once.))
((Your skin changes colour to match your surroundings (Stealth+).))
((Your rubbery body absorbs attacks. (AC +1, EV +1)))


Message History

Grinder is moderately wounded.
Grinder hits you but does no damage.
You hit Grinder.
Grinder is heavily wounded.
Grinder gestures at you.
You suddenly lose the ability to move!
Grinder says, "Don't move a muscle."
Grinder hits you!
You writhe in agony.
* * * LOW HITPOINT WARNING * * *
Grinder hits you.
* * * LOW HITPOINT WARNING * * *
You writhe in agony.
* * * LOW HITPOINT WARNING * * *
Grinder hits you.
* * * LOW HITPOINT WARNING * * *
You writhe in agony.
* * * LOW HITPOINT WARNING * * *
Grinder hits you.
You die...
Your body crumbles into a pile of gold.

$ #.## ...# #
#.##..# .#
#.##..##. ........
.##.##... .......5#
#.# #Y# #
#.#####.###.#.(#.#
#......<...........
######.######.#####
#.# .# #.# # #.#
#.# (.#### #.#
.......


You could see Grinder.

Vanquished Creatures
  A phantom (D:4)
  A centaur (D:6)
  A bullfrog (D:6)
  A scorpion (D:5)
  A bullfrog zombie (D:5)
  2 hounds
  A bullfrog skeleton (D:5)
  A gnoll shaman (D:5)
  A centaur skeleton (D:5)
  3 iguanas
  2 orc wizards (D:3)
  2 worker ants
  A hound zombie (D:5)
  A howler monkey skeleton (D:4)
  6 adders
  7 gnolls
  A shadow imp (D:6)
  2 white imps
  An ufetubus (D:6)
  An ooze (D:4)
  2 adder skeletons
  A worm (D:5)
  2 dart slugs
  4 orcs (D:3)
  3 giant cockroaches
  6 goblins
  9 hobgoblins
  4 jackals
  3 quokkas
  2 ball pythons
  6 bats
  A frilled lizard (D:2)
  A jackal skeleton (D:4)
  A jackal zombie (D:5)
  8 kobolds
  3 rats
93 creatures vanquished.

Notes
Turn   | Place    | Note
-------+----------+-------------------------------------------
     0 | D:1      | vatarom the Octopode Transmuter began the quest for the
                  | Orb.
     0 | D:1      | Reached XP level 1. HP: 13/13 MP: 3/3
    46 | D:1      | Reached skill level 1 in Stealth
   454 | D:1      | Reached XP level 2. HP: 16/18 MP: 3/5
  1259 | D:2      | Reached XP level 3. HP: 23/23 MP: 4/6
  1451 | D:2      | Found an opulent altar of Gozag.
  1462 | D:2      | Became a worshipper of Gozag Ym Sagoz the Greedy
  1589 | D:2      | Found a faded altar of an unknown god.
  1817 | D:3      | Learned a level 3 spell: Spider Form
  2001 | D:3      | Reached skill level 3 in Transmutations
  2213 | D:3      | Reached XP level 4. HP: 23/28 MP: 5/7
  2312 | D:3      | Reached skill level 4 in Transmutations
  2623 | D:3      | Reached XP level 5. HP: 33/33 MP: 8/8
  3118 | D:3      | Found an ornate altar of the Wu Jian Council.
  3120 | D:3      | Found a shimmering altar of Xom.
  3120 | D:3      | Found a shimmering altar of Xom.
  3123 | D:3      | Found a shimmering altar of Xom.
  3123 | D:3      | Found a sacrificial altar of Ru.
  3123 | D:3      | Found a snail-covered altar of Cheibriados.
  3341 | D:4      | Found a staircase to the Ecumenical Temple.
  3373 | Temple   | Entered the Ecumenical Temple
  3565 | D:4      | Found Noum's Antique Armour Shoppe.
  3607 | D:4      | Reached skill level 5 in Transmutations
  3623 | D:4      | Reached XP level 6. HP: 22/38 MP: 5/9
  3782 | D:4      | Learned a level 4 spell: Ice Form
  3942 | D:4      | Noticed a phantom
  4720 | D:4      | Reached skill level 1 in Ice Magic
  5079 | D:5      | Entered Level 5 of the Dungeon
  5082 | D:5      | Noticed a phantom
  5431 | D:4      | Killed a phantom
  5750 | D:5      | Reached skill level 6 in Transmutations
  5750 | D:5      | Reached XP level 7. HP: 43/43 MP: 5/10
  6147 | D:5      | Found a burning altar of Makhleb.
  6150 | D:5      | Found an ornate altar of the Wu Jian Council.
  7336 | D:6      | Reached XP level 8. HP: 24/48 MP: 8/11
  7754 | D:6      | Noticed Grinder
  7760 | D:6      | Paralysed by Grinder for 6 turns
  7763 | D:6      | HP: 1/57 [Grinder (3)]
  7764 | D:6      | Slain by Grinder

Illustrated notes

Levels and vault maps discovered:
D:1:      minmay_arrival_four_loops, layout_loops_cross
D:2:      layout_loops_ring, nicolae_gozag_seed_capital,
          chequers_ecumenical_altar_lobes, minmay_misc_feat_square
D:3:      minmay_evil_eye, layout_basic, doesnt_xom_only_xom
D:4:      layout_basic, minmay_temple_entry_arrows, serial_shops,
          nicolae_shop_statue_plus, kennysheep_generic_room_7
D:5:      layout_rooms, nicolae_overflow_hidden_temple
D:6:      kennysheep_steamy, layout_loops_ring, lemuel_coloured_pillars_altar,
          uniq_grinder
Temple:   eino_temple_scatter_basement

Skill      XL: |  1  2  3  4  5  6  7 |
---------------+----------------------+-----
Stealth        | 2 3 |  3.0
Transmutations | 3 4 5 6 |  6.9
Ice Magic      | 2 3 |  3.7
Unarmed Combat | 4 |  4.7
Fighting       | |  1.0
Dodging        | |  2.0
Spellcasting   | |  2.0

Action                   |  1- 3 |  4- 6 |  7- 9 || total
-------------------------+-------+-------+-------++-------
Melee: Unarmed           |    74 |   148 |   100 ||   322
       Constrict         |    24 |    19 |    10 ||    53
       Kick              |    12 |    14 |       ||    26
       Tentacles         |    13 |    17 |     6 ||    36
       Punch             |     1 |     1 |       ||     2
 Cast: Beastly Appendage |    24 |     9 |       ||    33
       Spider Form       |       |     4 |     3 ||     7
       Ice Form          |       |     2 |     4 ||     6
  Use: Scroll            |     3 |       |       ||     3
       Potion            |       |     2 |       ||     2
 Stab: Sleeping          |     9 |     4 |     6 ||    19
       Distracted        |       |       |     1 ||     1
Armor: Skin              |     5 |     6 |    16 ||    27
Dodge: Dodged            |    40 |    88 |    55 ||   183

Table legend: (Time is in decaauts)
 A = Elapsed time spent in this place.
 B = Non-inter-level travel time spent in this place.
 C = Inter-level travel time spent in this place.
 D = Time resting spent in this place.
 E = Time spent auto-exploring this place.
 F = Levels seen in this place.
 G = Mean time per level.
                   A        B        C        D        E       F      G
               +--------+--------+--------+--------+--------+-----+--------+
         Total |   7749 |   7529 |    220 |   2093 |   4584 |   7 | 1107.0 |
       Dungeon |   7169 |   6958 |    211 |   1694 |   4424 |   6 | 1194.8 |
        Temple |    580 |    572 |      8 |    399 |    160 |   1 |  580.0 |
               +--------+--------+--------+--------+--------+-----+--------+

Top non-repeatable levels by time:
     D:4: 1759 daAuts
     D:5: 1623 daAuts
     D:3: 1551 daAuts
     D:1: 956 daAuts
     D:2: 789 daAuts
  Temple: 580 daAuts
     D:6: 488 daAuts
